 Dungeon Sprint DCSS version 0.24-a0-613-g1ff6aac338 (webtiles) character file.

Game seed: 798387874084977801, levelgen mode: deterministic

6896 Chiseanne the Nimble (level 10, -9/83 HPs)
             Began as a Demonspawn Artificer on Sept 11, 2019.
             Was a High Priest of Vehumet.
             Mangled by a demonic crawler (13 damage)
             ... in the Dungeon (Sprint I: "Red Sonja").
             The game lasted 00:12:47 (2234 turns).

Chiseanne the Nimble (Demonspawn Artificer)         Turns: 2234, Time: 00:12:48

Health: -9/83      AC:  8    Str: 11 (12) XL:     10   Next: 79%
Magic:  0/19       EV: 19    Int:  8 (11) God:    Vehumet [*****.]
Gold:   223        SH:  0    Dex: 11      Spells: 16/28 levels left

rFire    . . .     SeeInvis .   a - +1 scythe (venom)
rCold    + . .     Gourm    .   (shield currently unavailable)
rNeg     . . .     Faith    .   o - +2 robe {rC+}
rPois    .         Spirit   .   (no helmet)
rElec    .         Reflect  .   (no cloak)
rCorr    .         Harm     .   x - +0 pair of gloves
MR       .....     Rnd*Rage +   y - +0 pair of boots Stlth +.........NoTele +
                                (no amulet)
HPRegen  0.23/turn              (no ring)
MPRegen  0.16/turn              (no ring)

@: no status effects
A: claws 1, rugged brown scales 3, berserk 1, blurry vision 2, clumsy 1,
deformed body, deterioration 2, dopey 2, frail 1, foul stench 1, low mp 2, weak
1, no potion heal 2, rot immunity
a: Renounce Religion


You were in the Dungeon.
You worshipped Vehumet.
Vehumet was extremely pleased with you.
You were not hungry.

You visited 1 branch You collected 946 gold pieces.
You spent 723 gold pieces at shops.

Inventory:

Hand Weapons
 a - a +1 scythe of venom (weapon)
Missiles
 p - 5 curare-tipped darts (quivered)
 t - 61 arrows
 w - 44 stones
Armour
 n - a +0 troll leather armour
 o - a +2 robe of cold resistance (worn)
 x - a +0 pair of gloves (worn)
 y - a +0 pair of boots (worn)
Wands
 c - a wand of flame (15)
 d - a wand of enslavement (13)
Scrolls
 l - 2 scrolls of blinking
 q - 3 scrolls of remove curse
 r - 6 scrolls of identify
 s - a scroll of fear
 v - a scroll of amnesia
Potions
 g - 2 potions of curing
 i - 2 potions of haste
 j - 2 potions of magic
 m - a potion of flight
Comestibles
 f - a ration


   Skills:
 - Level 10.4 Fighting
   Level 0.8 Short Blades
 * Level 13.3 Dodging
 - Level 0.8 Stealth
 * Level 9.7 Spellcasting
 * Level 10.5 Conjurations
 - Level 12.5 Evocations


You had 16 spell levels left.
You knew the following spells:

 Your Spells              Type           Power        Failure   Level  Hunger
a - Shock                 Conj/Air       ##..         1%          1    None
b - Force Lance           Conj/Tloc      ##......     5%          4    ####...
c - Airstrike             Air            #.........   36%         4    ####...
d - Mephitic Cloud        Conj/Pois/Air  #.......     3%          3    ###....
Your spell library was empty.

Dungeon Overview and Level Annotations

Branches:
Dungeon (1/1)

Altars:
Cheibriados
Dithmenos
Elyvilon
Fedhas
Gozag
Hepliaklqana
Kikubaaqudgha
Makhleb
Nemelex Xobeh
Okawaru
Qazlal
Ru
Sif Muna
Trog
Uskayaw
Vehumet
Wu Jian
Xom
Yredelemnul
Zin
The Shining One
Jiyva
Lugonu

Shops:
D [:?[([

Annotations:
D exclusion: oklob plant


Innate Abilities, Weirdness & Mutations

You have sharp fingernails.
You are completely covered in rugged brown scales. (AC +3, +7% HP)
You may emit foul miasma when damaged in melee.
You are immune to rotting.
You tend to lose your temper in combat.
Scrolls take you longer to read.
You are clumsy. (Dex -2)
Armour fits poorly on your strangely shaped body.
Your body often deteriorates upon taking damage.
You are very dopey. (Int -4)
You are frail. (-10% HP)
Your magical capacity is very low. (-20% MP)
You are weak. (Str -2)
Potions are poor at restoring your health.


Message History

The air twists around and strikes the demonic crawler.
The demonic crawler is lightly wounded.
The demonic crawler hits you! x2
The demonic crawler hits you but does no damage.
The demonic crawler barely misses you.
The demonic crawler hits you but does no damage.
The demonic crawler closely misses you.
You hit the demonic crawler.
The demonic crawler is lightly wounded.
The demonic crawler misses you. The demonic crawler hits you!
The demonic crawler completely misses you.
The demonic crawler misses you. x2
The demonic crawler completely misses you.
The demonic crawler misses you. The demonic crawler hits you!
* * * LOW HITPOINT WARNING * * *
The demonic crawler closely misses you. The demonic crawler hits you!
* * * LOW HITPOINT WARNING * * *
Your body deteriorates!
You feel weakened. The demonic crawler hits you!
You die...

#####################
.)..#..'..#__#..@ss.#
.#).'..#..'..'..#ss.##+#
###'#####'#__####...'..#
##..#...#.####§.#####..+
_####..##.#≈§§§§#§.# ##
____##'#_.'≈§§)§§..#
.∩...'..)_#§§§§§#.§#
..__##_.#'##§#####+#
____###'#.#)[..###P+


You could see 4 demonic crawlers.

Vanquished Creatures
  2 centaur warriors (D)
  Sonja (D)
  A deep troll (D)
  8 shining eyes (D)
  2 kobold demonologists (D)
  A hornet (D)
  A slime creature (D)
  Sigmund (D)
  A yak (D)
  5 floating eyes (D)
  An ogre (D)
  A jelly (D)
  Ijyb (D)
  4 ballistomycetes (D)
30 creatures vanquished.

Vanquished Creatures (others)
  A merfolk siren (D)
  A gargoyle (D)
  2 hornets (D)
  2 ballistomycete spores (D)
6 creatures vanquished.

Grand Total: 36 creatures vanquished

Notes
Turn   | Place    | Note
-------+----------+-------------------------------------------
     0 | D        | Chiseanne the Demonspawn Artificer began the quest for the
                  | Orb.
     0 | D        | Reached XP level 1. HP: 15/15 MP: 3/3
     1 | D        | Noticed Ijyb
     3 | D        | Killed Ijyb
     3 | D        | Gained mutation: You are partially covered in rugged brown
                  | scales. (AC +1, +3% HP) [demonic ancestry]
     3 | D        | Reached XP level 2. HP: 15/21 MP: 4/6
     3 | D        | HP: 1/21 [shot self (14)]
   290 | D        | Noticed an ogre
   293 | D        | Killed an ogre
   293 | D        | Reached XP level 3. HP: 9/26 MP: 7/9
   293 | D        | Gained mutation: You are mostly covered in rugged brown
                  | scales. (AC +2, +5% HP) [demonic ancestry]
   293 | D        | Reached XP level 4. HP: 9/33 MP: 7/10
   519 | D        | Noticed Sigmund
   524 | D        | Killed Sigmund
   524 | D        | Gained mutation: You are completely covered in rugged brown
                  | scales. (AC +3, +7% HP) [demonic ancestry]
   524 | D        | Reached XP level 5. HP: 32/39 MP: 10/13
   524 | D        | Gained mutation: You are immune to rotting. [demonic
                  | ancestry]
   524 | D        | Reached XP level 6. HP: 38/46 MP: 11/15
   723 | D        | Found an ornate altar of the Wu Jian Council.
   723 | D        | Found a shimmering blue altar of Sif Muna.
   726 | D        | Found a radiant altar of Vehumet.
   733 | D        | Reached skill level 2 in Dodging
   737 | D        | Became a worshipper of Vehumet
   761 | D        | Found Vyoc's Magic Scroll Emporium.
   761 | D        | Found an ancient bone altar of Kikubaaqudgha.
   761 | D        | Found a hazy altar of Hepliaklqana.
   761 | D        | Found a stormy altar of Qazlal.
   761 | D        | Found a hide-covered altar of Uskayaw.
   761 | D        | Found a blossoming altar of Fedhas.
   761 | D        | Found a bloodstained altar of Trog.
   761 | D        | Found an iron altar of Okawaru.
   761 | D        | Found a basalt altar of Yredelemnul.
   761 | D        | Found a glowing golden altar of the Shining One.
   761 | D        | Found a snail-covered altar of Cheibriados.
   761 | D        | Found a sacrificial altar of Ru.
   761 | D        | Found a glowing silver altar of Zin.
   761 | D        | Found a shadowy altar of Dithmenos.
   761 | D        | Found a white marble altar of Elyvilon.
   761 | D        | Noticed a yak
   764 | D        | Killed a yak
   764 | D        | Reached skill level 5 in Fighting
   764 | D        | Reached skill level 5 in Dodging
   765 | D        | Found an opulent altar of Gozag.
   768 | D        | Found a sparkling altar of Nemelex Xobeh.
   852 | D        | Bought a scroll of enchant weapon for 105 gold pieces
   852 | D        | Bought a scroll of remove curse for 42 gold pieces
   852 | D        | Bought a scroll of identify for 28 gold pieces
   852 | D        | Bought a scroll of identify for 28 gold pieces
   852 | D        | Bought a scroll of identify for 28 gold pieces
   852 | D        | Bought a scroll of identify for 28 gold pieces
   852 | D        | Bought a scroll of fear for 49 gold pieces
   861 | D        | Noticed Sonja
   862 | D        | Killed Sonja
   862 | D        | Reached skill level 8 in Dodging
   862 | D        | Reached XP level 7. HP: 67/67 MP: 16/16
   862 | D        | Gained mutation: You may emit foul miasma when damaged in
                  | melee. [demonic ancestry]
   862 | D        | Reached XP level 8. HP: 74/74 MP: 17/17
  1058 | D        | Noticed a deep troll
  1062 | D        | Killed a deep troll
  1062 | D        | Reached * piety under Vehumet
  1062 | D        | Offered knowledge of Shock by Vehumet.
  1062 | D        | Reached skill level 10 in Fighting
  1062 | D        | Reached skill level 9 in Dodging
  1085 | D        | Learned a level 1 spell: Shock
  1088 | D        | Found Kuv Dythyo's Armour Boutique.
  1116 | D        | Bought a scroll of identify for 28 gold pieces
  1116 | D        | Bought a scroll of amnesia for 49 gold pieces
  1116 | D        | Bought a scroll of remove curse for 42 gold pieces
  1116 | D        | Bought a scroll of remove curse for 42 gold pieces
  1141 | D        | Found Farirets's Armour Emporium.
  1148 | D        | Bought a +0 pair of gloves for 58 gold pieces
  1148 | D        | Bought a +0 pair of boots for 58 gold pieces
  1174 | D        | Noticed a shining eye
  1174 | D        | Noticed a shining eye
  1174 | D        | Noticed a shining eye
  1174 | D        | Noticed a shining eye
  1174 | D        | Noticed a shining eye
  1174 | D        | Noticed a shining eye
  1174 | D        | Gained mutation: You are clumsy. (Dex -2) [a shining eye]
  1178 | D        | Paralysed by a floating eye for 4 turns
  1182 | D        | Reached skill level 1 in Spellcasting
  1182 | D        | Reached skill level 1 in Conjurations
  1182 | D        | Reached skill level 10 in Dodging
  1182 | D        | Killed a shining eye
  1182 | D        | Reached ** piety under Vehumet
  1182 | D        | Offered knowledge of Sandblast by Vehumet.
  1182 | D        | Reached XP level 9. HP: 84/84 MP: 18/18
  1183 | D        | Gained mutation: You tend to lose your temper in combat. [a
                  | shining eye]
  1186 | D        | Gained mutation: Your body sometimes deteriorates upon
                  | taking damage. [a shining eye]
  1189 | D        | Killed a shining eye
  1189 | D        | Reached skill level 5 in Conjurations
  1189 | D        | Gained mutation: Scrolls take you a little longer to read.
                  | [a shining eye]
  1192 | D        | Gained mutation: You are dopey. (Int -2) [a shining eye]
  1196 | D        | Killed a shining eye
  1196 | D        | Reached skill level 11 in Dodging
  1196 | D        | Reached skill level 5 in Spellcasting
  1196 | D        | Gained mutation: Your body often deteriorates upon taking
                  | damage. [a shining eye]
  1196 | D        | Gained mutation: Your magical capacity is low. (-10% MP) [a
                  | shining eye]
  1198 | D        | Gained mutation: You are frail. (-10% HP) [a shining eye]
  1199 | D        | Killed a shining eye
  1199 | D        | Reached *** piety under Vehumet
  1307 | D        | Paralysed by a floating eye for 4 turns
  1323 | D        | Gained mutation: Scrolls take you longer to read. [a
                  | shining eye]
  1325 | D        | Gained mutation: You are weak. (Str -2) [a shining eye]
  1326 | D        | Killed a shining eye
  1369 | D        | Gained mutation: Your magical capacity is very low. (-20%
                  | MP) [a shining eye]
  1372 | D        | Killed a shining eye
  1372 | D        | Offered knowledge of Ignite Poison by Vehumet.
  1372 | D        | Reached skill level 12 in Dodging
  1372 | D        | Gained mutation: You have sharp fingernails. [demonic
                  | ancestry]
  1372 | D        | Reached XP level 10. HP: 83/83 MP: 15/16
  1379 | D        | Noticed a shining eye
  1379 | D        | Noticed a shining eye
  1390 | D        | Gained mutation: Potions are less effective at restoring
                  | your health. [a shining eye]
  1400 | D        | Gained mutation: Potions are poor at restoring your health.
                  | [a shining eye]
  1402 | D        | Killed a shining eye
  1402 | D        | Reached **** piety under Vehumet
  1434 | D        | Paralysed by a floating eye for 4 turns
  1438 | D        | Gained mutation: Armour fits poorly on your strangely
                  | shaped body. [a shining eye]
  1438 | D        | Gained mutation: You are very dopey. (Int -4) [a shining
                  | eye]
  1444 | D        | Killed a shining eye
  1460 | D        | Found Celei's Armour Shop.
  1460 | D        | Found Mazaorom's Book Shoppe.
  1460 | D        | Found Seupom's Weapon Boutique.
  1460 | D        | Found Etresal's Magic Scroll Emporium.
  1474 | D        | Bought a scroll of blinking for 90 gold pieces
  1474 | D        | Bought a scroll of identify for 24 gold pieces
  1474 | D        | Bought a scroll of identify for 24 gold pieces
  1501 | D        | Noticed a centaur warrior
  1501 | D        | Noticed a centaur warrior
  1509 | D        | Killed a centaur warrior
  1509 | D        | Offered knowledge of Force Lance by Vehumet.
  1514 | D        | Killed a centaur warrior
  1531 | D        | Killed a gargoyle
  1617 | D        | Killed a merfolk siren
  1782 | D        | Learned a level 4 spell: Force Lance
  1788 | D        | Offered knowledge of Mephitic Cloud by Vehumet.
  1788 | D        | Reached ***** piety under Vehumet
  1788 | D        | Reached skill level 13 in Dodging
  1788 | D        | Reached skill level 10 in Conjurations
  1868 | D        | Learned a level 3 spell: Mephitic Cloud
  1868 | D        | Noticed an oklob plant
  1883 | D        | Found a burning altar of Makhleb.
  1883 | D        | Found a viscous altar of Jiyva.
  1883 | D        | Found a shimmering altar of Xom.
  1883 | D        | Found a corrupted altar of Lugonu.
  1893 | D        | Offered knowledge of Airstrike by Vehumet.
  2126 | D        | Learned a level 4 spell: Airstrike
  2234 | D        | HP: 4/83 [demonic crawler (13)]
  2234 | D        | Mangled by a demonic crawler

Levels and vault maps discovered:
D:        dungeon_sprint_1 [red_sonja_temple_1, red_sonja_temple_small_1]

Skill      XL: |  1  2  3  4  5  6  7  8  9 10 |
---------------+-------------------------------+-----
Evocations     | 6 9 12 | 12.5
Fighting       | 8 10 | 10.4
Dodging        | 8 10 12 13 | 13.3
Spellcasting   | 3 7 9 |  9.7
Conjurations   | 4 8 10 | 10.5
Short Blades   | |  0.8
Stealth        | |  0.8

Action                   |  1- 3 |  4- 6 |  7- 9 | 10-12 || total
-------------------------+-------+-------+-------+-------++-------
Melee: Scythe            |       |     6 |    24 |    37 ||    67
 Cast: Shock             |       |       |    22 |     8 ||    30
       Airstrike         |       |       |       |     5 ||     5
       Force Lance       |       |       |       |     1 ||     1
Evoke: Wand              |     4 |     7 |     6 |     4 ||    21
  Use: Scroll            |       |     2 |       |       ||     2
       Potion            |       |       |       |     3 ||     3
  Eat: Chunk             |       |       |     1 |     2 ||     3
       Ration            |       |       |       |     1 ||     1
Armor: Leather armour    |       |     1 |       |       ||     1
       Robe              |       |       |       |    14 ||    14
Dodge: Dodged            |       |     5 |       |    64 ||    69

Table legend:
 A = Non-vault XP
 B = Vault XP
 C = Vault XP percentage of total XP
 D = Non-vault monster count
 E = Vault monster count
 F = Vault count percentage of total count
                 A         B        C        D         E       F
            +---------+---------+-------+---------+---------+-------
      Total |       0 |    9852 | 100.0 |       0 |      26 | 100.0
            +---------+---------+-------+---------+---------+-------
          D |       0 |    9852 | 100.0 |       0 |      26 | 100.0
            +---------+---------+-------+---------+---------+-------
